 Dungeon Crawl Stone Soup version 0.19-a0-1002-g674d22e (webtiles) character file.

63 HAL9000 the Insei (level 3, -2/28 HPs)
             Began as a Draconian Transmuter on July 18, 2016.
             Killed by divine providence
             ... invoked by an orc priest
              (13 damage)
             ... on level 3 of the Dungeon.
             The game lasted 00:03:51 (1783 turns).

HAL9000 the Insei (Draconian Transmuter)            Turns: 1783, Time: 00:03:52

Health: -2/28      AC:  5    Str: 12    XL:     3   Next: 87%
Magic:  2/6        EV: 12    Int: 13    God:
Gold:   69         SH:  0    Dex: 12    Spells: 3 memorised, 0 levels left

rFire  . . .     SeeInvis .       - Unarmed
rCold  . . .     Gourm    .     (armour unavailable)
rNeg   . . .     Faith    .     (no shield)
rPois  .         Spirit   .     (helmet restricted)
rElec  .         Dismiss  .     (no cloak)
rCorr  .         Reflect  .     (no gloves)
SustAt .         Harm     .     (no boots)
MR     .....                    (no amulet)
Stlth  ++........               (no ring)
                                o - ring of stealth

@: very slightly contaminated, not resistant to hostile enchantments, unstealthy
A: unfitting armour, cold-blooded, AC +5
a: no special abilities


You were on level 3 of the Dungeon.
You were not hungry.

You visited 1 branch of the dungeon, and saw 3 of its levels.

You collected 69 gold pieces.

Inventory:

Missiles
 a - 22 arrows
Armour
 l - a +2 shield
Jewellery
 o - a ring of stealth (left hand)
Scrolls
 e - a scroll of teleportation {unknown}
 h - a scroll of enchant armour {unknown}
 i - a scroll of identify {unknown}
 j - a scroll of immolation {unknown}
 m - a scroll of remove curse {unknown}
Potions
 d - 2 potions of curing {unknown}
 g - 3 potions of heal wounds {unknown}
 k - 2 potions of lignification {unknown}
 n - a potion of agility {unknown}
Books
 b - a book of Changes

   Spells                             Type                      Level
   a - Beastly Appendage              Transmutation                1
   b - Sticks to Snakes               Transmutation                2
   c - Spider Form                    Transmutation/Poison         3
   d - Ice Form                       Ice/Transmutation            4
   e - Blade Hands                    Transmutation                5
Comestibles
 c - a bread ration
 f - 4 fruits


   Skills:
 - Level 1.1 Fighting
 - Level 1.7 Dodging
 + Level 3.8 Unarmed Combat
 - Level 2.0 Spellcasting
 + Level 3.5 Transmutations


You couldn't memorise any spells.
You knew the following spells:

 Your Spells              Type           Power        Failure   Level  Hunger
a - Beastly Appendage     Tmut           ##....       8%          1    ##.....
b - Sticks to Snakes      Tmut           ##......     10%         2    ###....
c - Spider Form           Tmut/Pois      #.........   38%         3    ####...


Dungeon Overview and Level Annotations

Branches:
Dungeon (3/15)

Altars:
Ashenzari
Ru

Annotations:
D:3 epen's ghost, amateur DrTm


Innate Abilities, Weirdness & Mutations

Your plain brown scales are hard. (AC +5)
Your body does not fit into most forms of armour.
You are cold-blooded and may be slowed by cold attacks.


Message History

o - a ring of stealth (left hand)
An orc comes into view. It is wielding a hand axe.
Okay, then.
An orc comes into view.
Unknown command.
Casting: Beastly Appendage
Confirm with . or Enter, or press ? or * to list all spells.
You create a snake!
You now have 22 arrows.
The orc shouts!
The orc priest shouts!
The orc priest mumbles some strange prayers to Beogh against you.
Beogh smites you!
Unknown command.
Casting: Sticks to Snakes
Confirm with . or Enter, or press ? or * to list all spells.
You miscast Sticks to Snakes.
You are very lightly contaminated with residual magic.
Your skin glows momentarily.
The orc priest invokes the aid of Beogh against you.
Beogh smites you!
You die...

#### .... .. #### #. .
## .. ..
.##################.#.#
.##....(..............#
..)......(.....S......#.
..#†#)...#... #.........
###.#.##.#.## #.@.......
#.#.#..#.## #.#...#.#? #
#.#.#.....# #.#g..# #
#.#.####..# #.#...# 8
#........<# #.#.o.#
###.#########.#.#oo.#
##............#.#...#
##.###.#######.#...#
#...#[#.......#


You could see an orc priest, 2 orcs, a hobgoblin and a friendly adder.

Vanquished Creatures
  An adder (D:2)
  2 worms (D:2)
  A dart slug (D:2)
  3 giant geckos
  An orc (D:3)
  5 giant cockroaches
  6 hobgoblins
  4 jackals
  A quokka (D:2)
  3 bats
  A giant newt (D:2)
  7 kobolds
  5 rats
40 creatures vanquished.

Vanquished Creatures (collateral kills)
  A jackal (D:2)
1 creature vanquished.

Grand Total: 41 creatures vanquished

Notes
Turn   | Place    | Note
-------+----------+-------------------------------------------
     0 | D:1      | HAL9000 the Draconian Transmuter began the quest for the Orb.
     0 | D:1      | Reached XP level 1. HP: 16/16 MP: 3/3
   242 | D:1      | Reached XP level 2. HP: 20/23 MP: 1/5
   868 | D:2      | Learned a level 2 spell: Sticks to Snakes
   878 | D:2      | Reached XP level 3. HP: 17/28 MP: 2/6
  1561 | D:2      | Learned a level 3 spell: Spider Form
  1645 | D:3      | Found a sacrificial altar of Ru.
  1727 | D:3      | Noticed epen's ghost (amateur DrTm)
  1742 | D:3      | Found a shattered altar of Ashenzari.
  1783 | D:3      | Killed from afar by an orc priest

Vault maps used:
D:1:      dpeg_arrival_prison, grunt_decor_one_mirror
D:3:      nicolae_overflow_hidden_temple, portal_sewer_entry_f,
          ashenzari_altar_1

Skill      XL: |  1  2  3 |
---------------+----------+-----
Transmutations | 3 |  3.5
Fighting       | |  1.1
Dodging        | |  1.7
Unarmed Combat | |  3.8
Spellcasting   | |  2.0

Action                   || total
-------------------------++-------
Melee: Unarmed           ||   166
       Tailslap          ||    11
       Kick              ||    11
       Headbutt          ||     4
       Punch             ||     3
 Cast: Beastly Appendage ||    29
       Sticks to Snakes  ||     5
 Stab: Sleeping          ||     2
       Distracted        ||     1
  Eat: Chunk             ||     4
Armor: Skin              ||    52
Dodge: Dodged            ||   136
